[Event "ESTCC 65 2019"]
[Site "Mali Losinj"]
[Date "2019.09.21"]
[Round "4.8"]
[White "Thoele, Wolfgang, Dr."]
[Black "Friberg, Hans"]
[Result "0-1"]
[ECO "B02"]
[WhiteElo "1865"]
[BlackElo "2119"]
[Annotator "NA"]
[PlyCount "136"]
[EventDate "2019.09.18"]
[EventType "team-tourn"]
[EventCountry "CRO"]
[SourceTitle "playchess.com"]
[Source "ChessBase"]
[SourceQuality "1"]
[WhiteTeam "GER"]
[BlackTeam "SWE"]
[WhiteTeamCountry "GER"]
[BlackTeamCountry "SWE"]
[TimeControl "40/5400+30:1800+30"]

1. e4 Nf6 2. Nc3 d5 3. exd5 Nxd5 4. d4 Bf5 5. Nxd5 Qxd5 6. Be3 e6 7. Nf3 Nc6 8. c3 Be7 9. Be2 O-O 10. O-O a6 11. b3 Rad8 12. Bf4 Bd6 13. Bxd6 Rxd6 14. Nh4 Qe4 15. Nxf5 Qxf5 16. Bd3 Qf6 17. Qc2 g6 18. Rae1 Rfd8 19. Be4 b5 20. Bxc6 Rxc6 21. Qb2 b4 22. cxb4 Qxd4 23. Qxd4 Rxd4 24. Rc1 Rdd6 25. g3 Kf8 26. Rc4 Rxc4 27. bxc4 Rd2 28. a4 Rc2 29. a5 Rxc4 30. b5 Ra4 31. bxa6 Rxa5 32. Rc1 Rxa6 33. Rxc7 Rd6 34. Kg2 Ke8 35. Kf3 Rd7 36. Rc8+ Ke7 37. g4 Rd3+ 38. Kg2 Kf6 39. Rh8 Kg7 40. Rc8 h5 41. gxh5 gxh5 42. h3 Kf6 43. Rh8 Rd5 44. Kg3 Rg5+ 45. Kf3 Rf5+ 46. Kg3 Ke5 47. Ra8 h4+ 48. Kg2 Rf4 49. Ra5+ Kf6 50. Rb5 e5 51. Rb6+ Kf5 52. Rb5 f6 53. Ra5 Rc4 54. Rb5 Kf4 55. Rb6 Kg5 56. Rb5 Re4 57. Rb8 Rd4 58. Rb5 Rd2 59. Rb4 f5 60. Rb8 e4 61. Kg1 Kf4 62. Rb4 Kf3 63. Rb5 f4 64. Re5 Rxf2 65. Rxe4 Rg2+ 66. Kh1 Kxe4 67. Kxg2 Ke3 68. Kf1 Kf3 0-1

[Event "ESTCC 65 2019"]
[Site "Mali Losinj"]
[Date "2019.09.21"]
[Round "4.9"]
[White "Quinn, John M"]
[Black "Werner, Clemens"]
[Result "1/2-1/2"]
[ECO "E90"]
[WhiteElo "2105"]
[BlackElo "2286"]
[Annotator "NA"]
[PlyCount "60"]
[EventDate "2019.09.18"]
[EventType "team-tourn"]
[EventCountry "CRO"]
[SourceTitle "playchess.com"]
[Source "ChessBase"]
[SourceQuality "1"]
[WhiteTeam "England"]
[BlackTeam "Germany"]
[WhiteTeamCountry "ENG"]
[BlackTeamCountry "GER"]
[TimeControl "40/5400+30:1800+30"]

1. d4 Nf6 2. c4 d6 3. Nc3 g6 4. Nf3 Bg7 5. e4 O-O 6. h3 e5 7. d5 Nh5 8. g3 f5 9. exf5 gxf5 10. Nh2 Qe8 11. Be2 Nf6 12. g4 Na6 13. a3 Nc5 14. gxf5 Bxf5 15. Be3 b6 16. Rg1 Kh8 17. b4 Ncd7 18. Qd2 Rg8 19. O-O-O a5 20. Kb2 Qe7 21. Ng4 Nxg4 22. Bxg4 Qf7 23. Bxf5 Qxf5 24. Rg5 Qf7 25. Rdg1 axb4 26. axb4 e4 27. Bd4 Ne5 28. Bxe5 Bxe5 29. Rxg8+ Rxg8 30. Rxg8+ Kxg8 1/2-1/2

[Event "ESTCC 65 2019"]
[Site "Mali Losinj"]
[Date "2019.09.21"]
[Round "4.10"]
[White "Kierzek, Matthias, Dr."]
[Black "Hutchinson, Paul A"]
[Result "1/2-1/2"]
[ECO "A06"]
[WhiteElo "2186"]
[BlackElo "2124"]
[Annotator "NA"]
[PlyCount "70"]
[EventDate "2019.09.18"]
[EventType "team-tourn"]
[EventCountry "CRO"]
[SourceTitle "playchess.com"]
[Source "ChessBase"]
[SourceQuality "1"]
[WhiteTeam "GER"]
[BlackTeam "ENG"]
[WhiteTeamCountry "GER"]
[BlackTeamCountry "ENG"]
[TimeControl "40/5400+30:1800+30"]

1. d4 d5 2. c4 c6 3. Nf3 Nf6 4. e3 e6 5. b3 Bd6 6. Bb2 Nbd7 7. Bd3 O-O 8. O-O Qe7 9. Ne5 Ne8 10. f4 g6 11. Nd2 f6 12. Nxd7 Bxd7 13. Nf3 Rf7 14. Qe2 Ng7 15. a3 b6 16. b4 c5 17. bxc5 bxc5 18. dxc5 Bxc5 19. cxd5 exd5 20. Nd4 Re8 21. Rfe1 Qd6 22. Qf2 Rfe7 23. Kh1 Nf5 24. Bxf5 Bxf5 25. Nxf5 gxf5 26. Qh4 d4 27. exd4 Bxd4 28. Rxe7 Rxe7 29. Bxd4 Qxd4 30. Rb1 Qe3 31. Rb8+ Kg7 32. Qg3+ Qxg3 33. hxg3 Kg6 34. Rb5 Re6 35. Kh2 Ra6 1/2-1/2

[Event "ESTCC 65 2019"]
[Site "Mali Losinj"]
[Date "2019.09.21"]
[Round "4.11"]
[White "Hewson, Brian W R"]
[Black "Herbrechtsmeier, Christof"]
[Result "1/2-1/2"]
[ECO "D76"]
[WhiteElo "2074"]
[BlackElo "2210"]
[Annotator "NA"]
[PlyCount "61"]
[EventDate "2019.09.18"]
[EventType "team-tourn"]
[EventCountry "CRO"]
[SourceTitle "playchess.com"]
[Source "ChessBase"]
[SourceQuality "1"]
[WhiteTeam "England"]
[BlackTeam "Germany"]
[WhiteTeamCountry "ENG"]
[BlackTeamCountry "GER"]
[TimeControl "40/5400+30:1800+30"]

1. d4 Nf6 2. Nf3 g6 3. g3 Bg7 4. Bg2 O-O 5. O-O d5 6. c4 Nc6 7. cxd5 Nxd5 8. e4 Nb6 9. d5 Na5 10. Nc3 c6 11. dxc6 Qxd1 12. Nxd1 Nxc6 13. Bd2 Nc4 14. Bc3 Bg4 15. Nd2 Nxd2 16. Bxd2 Be2 17. Re1 Nd4 18. Ne3 e6 19. Bc3 Bb5 20. Kh1 Rfd8 21. Rad1 Nc6 22. Bxg7 Kxg7 23. Rxd8 Rxd8 24. Rd1 Rxd1+ 25. Nxd1 Nd4 26. Nc3 Bc6 27. Kg1 f5 28. exf5 exf5 29. Bxc6 Nxc6 30. f4 Kf7 31. Kf2 1/2-1/2

[Event "ESTCC 65 2019"]
[Site "Mali Losinj"]
[Date "2019.09.21"]
[Round "4.12"]
[White "Kiefer, Gerhard"]
[Black "Reuben, Stewart"]
[Result "1-0"]
[ECO "B35"]
[WhiteElo "2227"]
[BlackElo "1983"]
[Annotator "NA"]
[PlyCount "43"]
[EventDate "2019.09.18"]
[EventType "team-tourn"]
[EventCountry "CRO"]
[SourceTitle "playchess.com"]
[Source "ChessBase"]
[SourceQuality "1"]
[WhiteTeam "Germany"]
[BlackTeam "England"]
[WhiteTeamCountry "GER"]
[BlackTeamCountry "ENG"]
[TimeControl "40/5400+30:1800+30"]

1. e4 c5 2. Nf3 Nc6 3. d4 cxd4 4. Nxd4 g6 5. Be3 Nf6 6. Nc3 Bg7 7. Bc4 O-O 8. Bb3 a6 9. f3 Qc7 10. Qd2 b5 11. O-O-O Na5 12. h4 Bb7 13. h5 b4 14. Na4 Nxb3+ 15. axb3 Rac8 16. Kb1 Nxh5 17. Rxh5 gxh5 18. Nf5 Bf6 19. Bd4 e5 20. Bc5 d5 21. Qh6 Qc6 22. exd5 1-0

[Event "ESTCC 65 2019"]
[Site "Mali Losinj"]
[Date "2019.09.21"]
[Round "4.13"]
[White "Huss, Andreas"]
[Black "Lofgren, Claes"]
[Result "1/2-1/2"]
[ECO "E32"]
[WhiteElo "2261"]
[BlackElo "2059"]
[Annotator "ChessBase"]
[PlyCount "160"]
[EventDate "2019.09.18"]
[EventType "team-tourn"]
[EventCountry "CRO"]
[SourceTitle "playchess.com"]
[Source "ChessBase"]
[SourceQuality "1"]
[WhiteTeam "Switzerland"]
[BlackTeam "Denmark"]
[WhiteTeamCountry "SUI"]
[BlackTeamCountry "DEN"]
[TimeControl "40/5400+30:1800+30"]

1. d4 Nf6 2. c4 e6 3. Nf3 b6 4. Nc3 Bb4 5. Qc2 Bb7 6. a3 Bxc3+ 7. Qxc3 Ne4 8. Qc2 f5 9. e3 O-O 10. Bd3 d6 11. b4 Nd7 12. Bb2 Qe7 13. O-O Rae8 14. Rae1 Ndf6 15. Nd2 Nxd2 16. Qxd2 g6 17. f3 Rf7 18. Qc3 Ref8 19. a4 h6 20. Ra1 Kh7 21. a5 Nd7 22. axb6 axb6 23. Ra7 Rb8 24. c5 Nf6 25. Rc1 Nd5 26. Qd2 Qg5 27. c6 Bc8 28. Re1 Qd8 29. b5 Nf6 30. e4 fxe4 31. fxe4 e5 32. dxe5 dxe5 33. Rf1 Be6 34. Bxe5 Rc8 35. h3 Nxe4 36. Rxf7+ Bxf7 37. Qf4 Ng5 38. Bc2 Qe7 39. Kh2 Ne6 40. Qg3 Qb4 41. Bxc7 Nxc7 42. Rxc7 Rxc7 43. Qxc7 Kg8 44. Qb8+ Kh7 45. Bd3 Qc5 46. Qf4 Kg7 47. Qg3 Qc3 48. c7 Qc5 49. Be4 Kf6 50. Bc6 Be6 51. Qf4+ Kg7 52. h4 Bc8 53. Qg3 Qd4 54. Bf3 Kf6 55. Be2 g5 56. hxg5+ hxg5 57. Qf3+ Kg7 58. g3 Qe5 59. Qh5 Qxc7 60. Qxg5+ Kf8 61. Qf6+ Kg8 62. Bd3 Qc5 63. Bg6 Qc7 64. Be4 Qc5 65. Qg6+ Kf8 66. Qf6+ Kg8 67. Qd8+ Kg7 68. Qd5 Qxd5 69. Bxd5 Kf6 70. Bc6 Bf5 71. Kg2 Bd3 72. Kf3 Kg5 73. Bd7 Kf6 74. Ke3 Bf1 75. Kf4 Ke7 76. Bc6 Kf6 77. g4 Be2 78. g5+ Kg6 79. Be8+ Kg7 80. Ke5 Bf1 1/2-1/2

[Event "ESTCC 65 2019"]
[Site "Mali Losinj"]
[Date "2019.09.21"]
[Round "4.14"]
[White "Nielsen, Jorgen Lovgren"]
[Black "Vucenovic, Dragomir"]
[Result "1/2-1/2"]
[ECO "C75"]
[WhiteElo "2052"]
[BlackElo "2154"]
[Annotator "NA"]
[PlyCount "65"]
[EventDate "2019.09.18"]
[EventType "team-tourn"]
[EventCountry "CRO"]
[SourceTitle "playchess.com"]
[Source "ChessBase"]
[SourceQuality "1"]
[WhiteTeam "Denmark"]
[BlackTeam "Switzerland"]
[WhiteTeamCountry "DEN"]
[BlackTeamCountry "SUI"]
[TimeControl "40/5400+30:1800+30"]

1. e4 e5 2. Nf3 Nc6 3. Bb5 a6 4. Ba4 d6 5. c3 Bd7 6. O-O Nge7 7. d4 Ng6 8. Be3 Be7 9. Re1 h6 10. Nbd2 Bg5 11. Nf1 Bxe3 12. Nxe3 O-O 13. Nf5 exd4 14. N3xd4 Nh4 15. Nxc6 bxc6 16. Nxh4 Qxh4 17. Qf3 Rae8 18. Re3 Re7 19. Qg3 Qxg3 20. hxg3 Rfe8 21. Rae1 g6 22. g4 Kg7 23. f3 f5 24. gxf5 gxf5 25. Kf2 f4 26. R3e2 Re5 27. Rh1 Rg5 28. Rh4 Rf8 29. Re1 Rf6 30. Reh1 Be6 31. Bxc6 Bxa2 32. Ra1 Bc4 33. Ra4 1/2-1/2

[Event "ESTCC 65 2019"]
[Site "Mali Losinj"]
[Date "2019.09.21"]
[Round "4.15"]
[White "Hohler, Peter"]
[Black "Nielsen, Preben Lovgren"]
[Result "1-0"]
[ECO "A70"]
[WhiteElo "2047"]
[BlackElo "2007"]
[Annotator "NA"]
[PlyCount "71"]
[EventDate "2019.09.18"]
[EventType "team-tourn"]
[EventCountry "CRO"]
[SourceTitle "playchess.com"]
[Source "ChessBase"]
[SourceQuality "1"]
[WhiteTeam "Switzerland"]
[BlackTeam "Denmark"]
[WhiteTeamCountry "SUI"]
[BlackTeamCountry "DEN"]
[TimeControl "40/5400+30:1800+30"]

1. d4 Nf6 2. c4 c5 3. d5 e6 4. Nc3 exd5 5. cxd5 d6 6. e4 g6 7. h3 Bg7 8. Nf3 O-O 9. Bd3 Re8 10. O-O a6 11. a4 c4 12. Bc2 Nbd7 13. Re1 Nc5 14. Bf4 Qb6 15. Rb1 Nfd7 16. Nd2 Nd3 17. Bxd3 cxd3 18. Nc4 Qd4 19. Nxd6 Rf8 20. Be3 Qb4 21. Nxc8 Raxc8 22. Qxd3 Ne5 23. Qd1 Nc4 24. Bf4 Nxb2 25. Na2 Qc4 26. Qd2 Qxa2 27. e5 Qxa4 28. Rxb2 Qd7 29. Rb3 Rc5 30. Rd3 Rfc8 31. Bg3 Rc2 32. Qe3 Bf8 33. e6 fxe6 34. dxe6 Qe8 35. e7 Bg7 36. Rd8 1-0

[Event "ESTCC 65 2019"]
[Site "Mali Losinj"]
[Date "2019.09.21"]
[Round "4.16"]
[White "Fabrin, Morten"]
[Black "Staechelin, Ruedi"]
[Result "1/2-1/2"]
[ECO "A22"]
[WhiteElo "1998"]
[BlackElo "2002"]
[Annotator "NA"]
[PlyCount "95"]
[EventDate "2019.09.18"]
[EventType "team-tourn"]
[EventCountry "CRO"]
[SourceTitle "playchess.com"]
[Source "ChessBase"]
[SourceQuality "1"]
[WhiteTeam "Denmark"]
[BlackTeam "Switzerland"]
[WhiteTeamCountry "DEN"]
[BlackTeamCountry "SUI"]
[TimeControl "40/5400+30:1800+30"]

1. Nf3 Nf6 2. c4 d6 3. Nc3 e5 4. d3 Be7 5. g3 c6 6. Bg2 Nbd7 7. O-O O-O 8. Rb1 a5 9. a3 Re8 10. b4 axb4 11. axb4 Bf8 12. Qb3 h6 13. Bd2 Qe7 14. Ne1 g6 15. Nc2 Bg7 16. Ne3 Nf8 17. b5 c5 18. Ncd5 Nxd5 19. Nxd5 Qd8 20. Bc3 Ne6 21. b6 Rf8 22. e3 Qd7 23. Ra1 Rxa1 24. Rxa1 Nd8 25. Ra8 Nc6 26. Qb5 Qg4 27. f3 Qe6 28. Qb2 Bd7 29. Ra1 Rb8 30. Kf2 Kh7 31. Qd2 f5 32. Nc7 Qf7 33. Qb2 Rg8 34. f4 exf4 35. gxf4 g5 36. Bd5 Qh5 37. Bxg8+ Kxg8 38. Ra8+ Kf7 39. Bxg7 Qxh2+ 40. Ke1 Qg1+ 41. Kd2 Qf2+ 42. Kd1 Qf1+ 43. Kc2 Nb4+ 44. Kb3 Qd1+ 45. Ka3 Nc2+ 46. Ka2 Nb4+ 47. Ka3 Nc2+ 48. Ka2 1/2-1/2

[Event "ESTCC 65 2019"]
[Site "Mali Losinj"]
[Date "2019.09.21"]
[Round "4.17"]
[White "Grahn, Lars"]
[Black "Rooze, Jan"]
[Result "0-1"]
[ECO "A41"]
[WhiteElo "2024"]
[BlackElo "2281"]
[Annotator "NA"]
[PlyCount "42"]
[EventDate "2019.09.18"]
[EventType "team-tourn"]
[EventCountry "CRO"]
[SourceTitle "playchess.com"]
[Source "ChessBase"]
[SourceQuality "1"]
[WhiteTeam "Sweden"]
[BlackTeam "Belgium"]
[WhiteTeamCountry "SWE"]
[BlackTeamCountry "BEL"]
[TimeControl "40/5400+30:1800+30"]

1. d4 d6 2. c4 e5 3. dxe5 dxe5 4. Qxd8+ Kxd8 5. Nc3 Be6 6. b3 Nd7 7. Bb2 Nh6 8. h3 f6 9. O-O-O c6 10. e3 Kc7 11. Bd3 Nc5 12. Bc2 a5 13. Ne4 a4 14. Nxc5 Bxc5 15. Ne2 axb3 16. axb3 Nf5 17. Nc3 Nd6 18. Na4 Bb4 19. Bc3 Rxa4 20. bxa4 Bxc3 21. c5 Nf7 0-1

[Event "ESTCC 65 2019"]
[Site "Mali Losinj"]
[Date "2019.09.21"]
[Round "4.18"]
[White "Van Herck, Marcel"]
[Black "Wademark, Helge"]
[Result "1-0"]
[ECO "D25"]
[WhiteElo "2088"]
[BlackElo "1994"]
[Annotator "NA"]
[PlyCount "67"]
[EventDate "2019.09.18"]
[EventType "team-tourn"]
[EventCountry "CRO"]
[SourceTitle "playchess.com"]
[Source "ChessBase"]
[SourceQuality "1"]
[WhiteTeam "Belgium"]
[BlackTeam "Sweden"]
[WhiteTeamCountry "BEL"]
[BlackTeamCountry "SWE"]
[TimeControl "40/5400+30:1800+30"]

1. d4 d5 2. c4 dxc4 3. Nf3 Nf6 4. e3 Bg4 5. Bxc4 e6 6. Nbd2 Nbd7 7. Qb3 Bxf3 8. Nxf3 Nb6 9. Be2 Qd5 10. Nd2 Qxb3 11. Nxb3 Bb4+ 12. Bd2 Bxd2+ 13. Nxd2 O-O-O 14. Bf3 Rhe8 15. O-O-O c6 16. Ne4 Nxe4 17. Bxe4 g6 18. h4 e5 19. dxe5 Rxe5 20. Rxd8+ Kxd8 21. Rd1+ Ke7 22. Bf3 h5 23. Rd4 Rc5+ 24. Kb1 Rc4 25. Rxc4 Nxc4 26. Kc2 Ne5 27. Be2 Ng4 28. Bxg4 hxg4 29. Kd3 Ke6 30. Ke4 c5 31. Kf4 b5 32. Kxg4 c4 33. Kf3 b4 34. Ke4 1-0

[Event "ESTCC 65 2019"]
[Site "Mali Losinj"]
[Date "2019.09.21"]
[Round "4.19"]
[White "Bernhardsson, Sten"]
[Black "Van de Wynkele, Herman"]
[Result "0-1"]
[ECO "B08"]
[WhiteElo "1956"]
[BlackElo "2085"]
[Annotator "NA"]
[PlyCount "48"]
[EventDate "2019.09.18"]
[EventType "team-tourn"]
[EventCountry "CRO"]
[SourceTitle "playchess.com"]
[Source "ChessBase"]
[SourceQuality "1"]
[WhiteTeam "Sweden"]
[BlackTeam "Belgium"]
[WhiteTeamCountry "SWE"]
[BlackTeamCountry "BEL"]
[TimeControl "40/5400+30:1800+30"]

1. d4 g6 2. e4 Bg7 3. Nf3 d6 4. Bc4 c6 5. a4 Nf6 6. Nc3 d5 7. exd5 cxd5 8. Be2 O-O 9. O-O Nc6 10. Bf4 Ne4 11. Nb5 a6 12. Na3 Qb6 13. Rb1 Nxd4 14. Be3 Nxe2+ 15. Qxe2 Qc7 16. c4 dxc4 17. Nxc4 Nc5 18. Nb6 Qxb6 19. b4 Bf5 20. Bxc5 Qc7 21. Rbc1 Rfe8 22. Nd4 Bd7 23. a5 e5 24. Nf3 Bb5 0-1

[Event "ESTCC 65 2019"]
[Site "Mali Losinj"]
[Date "2019.09.21"]
[Round "4.20"]
[White "Schrickx, Frank"]
[Black "Nordenstrom, Sven"]
[Result "1/2-1/2"]
[ECO "C68"]
[WhiteElo "1813"]
[BlackElo "1874"]
[Annotator "NA"]
[PlyCount "86"]
[EventDate "2019.09.18"]
[EventType "team-tourn"]
[EventCountry "CRO"]
[SourceTitle "playchess.com"]
[Source "ChessBase"]
[SourceQuality "1"]
[WhiteTeam "Belgium"]
[BlackTeam "Sweden"]
[WhiteTeamCountry "BEL"]
[BlackTeamCountry "SWE"]
[TimeControl "40/5400+30:1800+30"]

1. e4 e5 2. Nf3 Nc6 3. Bb5 a6 4. Bxc6 dxc6 5. O-O Bd6 6. d4 Bg4 7. dxe5 Bxf3 8. Qxf3 Bxe5 9. Nd2 Qf6 10. Qxf6 Nxf6 11. c3 Bf4 12. g3 Bxd2 13. Bxd2 O-O 14. f3 h6 15. Bf4 Rac8 16. Rad1 g5 17. Be5 Ne8 18. g4 f6 19. Bg3 Rf7 20. Rd2 Re7 21. Rfd1 Kf7 22. Kf2 Ke6 23. Ke2 b6 24. Rd8 Rxd8 25. Rxd8 a5 26. b3 c5 27. a4 Kf7 28. Kd3 Kg6 29. Kc4 h5 30. gxh5+ Kxh5 31. h3 Kg6 32. Kd3 Ng7 33. h4 Nh5 34. Bf2 Nf4+ 35. Kc2 Rh7 36. hxg5 Rh2 37. Rd2 Nh3 38. Bg3 Rxd2+ 39. Kxd2 Nxg5 40. Ke3 Ne6 41. f4 f5 42. Bh4 Ng7 43. Bd8 Ne6 1/2-1/2

[Event "ESTCC 65 2019"]
[Site "Mali Losinj"]
[Date "2019.09.21"]
[Round "4.21"]
[White "James, Kevin"]
[Black "Kolbak, Jens"]
[Result "1/2-1/2"]
[ECO "D36"]
[WhiteElo "1959"]
[BlackElo "2173"]
[Annotator "NA"]
[PlyCount "61"]
[EventDate "2019.09.18"]
[EventType "team-tourn"]
[EventCountry "CRO"]
[SourceTitle "playchess.com"]
[Source "ChessBase"]
[SourceQuality "1"]
[WhiteTeam "Ireland"]
[BlackTeam "Denmark"]
[WhiteTeamCountry "IRL"]
[BlackTeamCountry "DEN"]
[TimeControl "40/5400+30:1800+30"]

1. d4 Nf6 2. c4 e6 3. Nc3 d5 4. cxd5 exd5 5. Bg5 Be7 6. e3 c6 7. Bd3 Nbd7 8. Qc2 Nh5 9. Bxe7 Qxe7 10. Nge2 g6 11. O-O Ndf6 12. Kh1 O-O 13. Rae1 Bd7 14. Nd1 Ng4 15. g3 Rae8 16. Qd2 Nhf6 17. Ng1 Ne4 18. Qc2 Nd6 19. Nf3 Bf5 20. Nd2 Bxd3 21. Qxd3 h5 22. f3 Nh6 23. Nf2 h4 24. g4 Kg7 25. Rg1 f6 26. a4 Nhf7 27. Nh3 g5 28. Nf2 Qc7 29. b4 Re7 30. Rb1 Rfe8 31. Rge1 1/2-1/2

[Event "ESTCC 65 2019"]
[Site "Mali Losinj"]
[Date "2019.09.21"]
[Round "4.22"]
[White "Jorgensen, Arne Bjorn"]
[Black "Lohan, Martin"]
[Result "1/2-1/2"]
[ECO "E92"]
[WhiteElo "1996"]
[BlackElo "1796"]
[Annotator "NA"]
[PlyCount "44"]
[EventDate "2019.09.18"]
[EventType "team-tourn"]
[EventCountry "CRO"]
[SourceTitle "playchess.com"]
[Source "ChessBase"]
[SourceQuality "1"]
[WhiteTeam "Denmark"]
[BlackTeam "Ireland"]
[WhiteTeamCountry "DEN"]
[BlackTeamCountry "IRL"]
[TimeControl "40/5400+30:1800+30"]

1. d4 Nf6 2. c4 g6 3. Nc3 Bg7 4. e4 d6 5. Nf3 O-O 6. Be2 e5 7. dxe5 dxe5 8. Qxd8 Rxd8 9. Bg5 Re8 10. h3 c6 11. O-O Na6 12. Rad1 Nc5 13. Nd2 a5 14. Be3 Bf8 15. f3 Be6 16. Nb3 Nxb3 17. axb3 Nd7 18. Na4 Rab8 19. Ba7 Ra8 20. Be3 Rab8 21. Ba7 Ra8 22. Be3 Rab8 1/2-1/2

[Event "ESTCC 65 2019"]
[Site "Mali Losinj"]
[Date "2019.09.21"]
[Round "4.23"]
[White "Cassidy, Sydney"]
[Black "Mortensen, Steen Juul"]
[Result "1/2-1/2"]
[ECO "C55"]
[WhiteElo "1599"]
[BlackElo "1892"]
[Annotator "NA"]
[PlyCount "60"]
[EventDate "2019.09.18"]
[EventType "team-tourn"]
[EventCountry "CRO"]
[SourceTitle "playchess.com"]
[Source "ChessBase"]
[SourceQuality "1"]
[WhiteTeam "Ireland"]
[BlackTeam "Denmark"]
[WhiteTeamCountry "IRL"]
[BlackTeamCountry "DEN"]
[TimeControl "40/5400+30:1800+30"]

1. e4 e5 2. Nf3 Nc6 3. Bb5 a6 4. Ba4 Nf6 5. O-O Be7 6. d3 b5 7. Bb3 d6 8. c3 O-O 9. h3 Na5 10. Bc2 c5 11. b4 Nc6 12. a3 Qc7 13. Bb2 d5 14. Nbd2 dxe4 15. Nxe4 Nxe4 16. dxe4 Be6 17. Qe2 Rfc8 18. Rac1 Qb6 19. Qe3 Qb8 20. Rfd1 f6 21. Bd3 c4 22. Be2 a5 23. Rc2 Bd8 24. Nh2 Bb6 25. Qg3 axb4 26. axb4 Rd8 27. Rcd2 Rxd2 28. Rxd2 Ra7 29. Bg4 Bf7 30. Nf1 Kf8 1/2-1/2

[Event "ESTCC 65 2019"]
[Site "Mali Losinj"]
[Date "2019.09.21"]
[Round "4.24"]
[White "Andersson, Finn"]
[Black "Durkan, Joe"]
[Result "1/2-1/2"]
[ECO "C45"]
[WhiteElo "1771"]
[BlackElo "1459"]
[Annotator "NA"]
[PlyCount "62"]
[EventDate "2019.09.18"]
[EventType "team-tourn"]
[EventCountry "CRO"]
[SourceTitle "playchess.com"]
[Source "ChessBase"]
[SourceQuality "1"]
[WhiteTeam "Denmark"]
[BlackTeam "Ireland"]
[WhiteTeamCountry "DEN"]
[BlackTeamCountry "IRL"]
[TimeControl "40/5400+30:1800+30"]

1. e4 e5 2. Nf3 Nc6 3. d4 exd4 4. Nxd4 Ne5 5. f4 Ng6 6. Bc4 c6 7. Qe2 Bc5 8. Bxf7+ Kxf7 9. Qc4+ d5 10. Qxc5 Nf6 11. e5 Ne4 12. Qa3 Qh4+ 13. g3 Qh3 14. Qf3 Bg4 15. Qf1 Qh5 16. Nd2 Bh3 17. Qf3 Bg4 18. Qe3 c5 19. Nxe4 cxd4 20. Nd6+ Ke6 21. Qxd4 Rhf8 22. Nxb7 Bf3 23. Nc5+ Ke7 24. O-O Nh4 25. Qf2 Qg4 26. Re1 Bd1 27. Re3 Nf3+ 28. Rxf3 Bxf3 29. Nb3 Rfc8 30. Be3 Be4 31. Nd4 Rc4 1/2-1/2

[Event "ESTCC 65 2019"]
[Site "Mali Losinj"]
[Date "2019.09.21"]
[Round "4.25"]
[White "Singer, Hans"]
[Black "Vadlja, Stjepan"]
[Result "1-0"]
[ECO "D55"]
[WhiteElo "2184"]
[BlackElo "1636"]
[Annotator "NA"]
[PlyCount "63"]
[EventDate "2019.09.18"]
[EventType "team-tourn"]
[EventCountry "CRO"]
[SourceTitle "playchess.com"]
[Source "ChessBase"]
[SourceQuality "1"]
[WhiteTeam "Austria"]
[BlackTeam "Croatia"]
[WhiteTeamCountry "AUT"]
[BlackTeamCountry "CRO"]
[TimeControl "40/5400+30:1800+30"]

1. d4 d5 2. c4 Nf6 3. Nc3 e6 4. Bg5 Be7 5. e3 O-O 6. Nf3 c5 7. cxd5 exd5 8. dxc5 Be6 9. Be2 Bxc5 10. O-O Nbd7 11. Nd4 Qe8 12. Bf3 a6 13. Rc1 Rc8 14. a3 b5 15. g3 Be7 16. Bg2 h6 17. Bxf6 Bxf6 18. Qh5 Ne5 19. Nxe6 fxe6 20. Qe2 Qg6 21. Rfd1 Nc4 22. a4 b4 23. Nxd5 Nxb2 24. Qxa6 Rxc1 25. Qxe6+ Kh8 26. Rxc1 Nd3 27. Be4 Qe8 28. Qxe8 Rxe8 29. Bxd3 Rb8 30. Nxf6 gxf6 31. Rb1 Kg7 32. Bb5 1-0

[Event "ESTCC 65 2019"]
[Site "Mali Losinj"]
[Date "2019.09.21"]
[Round "4.27"]
[White "Titz, Heimo"]
[Black "Novak, Stjepan"]
[Result "1-0"]
[ECO "A34"]
[WhiteElo "1971"]
[BlackElo "1503"]
[Annotator "NA"]
[PlyCount "123"]
[EventDate "2019.09.18"]
[EventType "team-tourn"]
[EventCountry "CRO"]
[SourceTitle "playchess.com"]
[Source "ChessBase"]
[SourceQuality "1"]
[WhiteTeam "Austria"]
[BlackTeam "Croatia"]
[WhiteTeamCountry "AUT"]
[BlackTeamCountry "CRO"]
[TimeControl "40/5400+30:1800+30"]

1. c4 c5 2. Nf3 Nf6 3. Nc3 d6 4. g3 b6 5. Bg2 Bb7 6. O-O Nbd7 7. b3 g6 8. Bb2 Bg7 9. d4 O-O 10. Qd2 a6 11. Rfd1 Qc7 12. Rac1 cxd4 13. Qxd4 Qc5 14. Nd5 Bxd5 15. cxd5 Qxd4 16. Nxd4 Rac8 17. Nc6 Rce8 18. b4 Kh8 19. Rc2 Ng8 20. Bxg7+ Kxg7 21. Rdc1 Ra8 22. f4 a5 23. a3 Rfc8 24. Kf2 Kf8 25. h3 Rc7 26. Nd4 Rxc2 27. Rxc2 axb4 28. axb4 Ngf6 29. g4 h6 30. Bf3 Ne8 31. h4 b5 32. g5 hxg5 33. hxg5 Ra7 34. Rc8 Rb7 35. Ra8 Nb8 36. Ra5 Nc7 37. Ra2 Nca6 38. Nc6 Nc7 39. Na5 Rb6 40. Rc2 Nba6 41. Nc6 Ke8 42. e4 e6 43. Rb2 Nb8 44. Nd4 e5 45. fxe5 dxe5 46. Nb3 f6 47. gxf6 Rxf6 48. Ke3 Ke7 49. Be2 Rf4 50. Nc5 Rh4 51. Nb7 Nxd5+ 52. exd5 Na6 53. d6+ Ke6 54. Nc5+ Nxc5 55. bxc5 b4 56. Rd2 Kd7 57. Bb5+ Kd8 58. c6 Rh3+ 59. Ke4 Rh4+ 60. Kd5 g5 61. c7+ Kc8 62. Kc6 1-0

[Event "ESTCC 65 2019"]
[Site "Mali Losinj"]
[Date "2019.09.21"]
[Round "4.28"]
[White "Petanjek, Zvonko"]
[Black "Strobel, Ferdinand"]
[Result "0-1"]
[ECO "B07"]
[WhiteElo "1650"]
[BlackElo "1956"]
[Annotator "NA"]
[PlyCount "56"]
[EventDate "2019.09.18"]
[EventType "team-tourn"]
[EventCountry "CRO"]
[SourceTitle "playchess.com"]
[Source "ChessBase"]
[SourceQuality "1"]
[WhiteTeam "Croatia"]
[BlackTeam "Austria"]
[WhiteTeamCountry "CRO"]
[BlackTeamCountry "AUT"]
[TimeControl "40/5400+30:1800+30"]

1. e4 d6 2. Nc3 g6 3. h3 Bg7 4. Nf3 Nf6 5. Bc4 O-O 6. O-O Nxe4 7. Nxe4 d5 8. Bxd5 Qxd5 9. Nc3 Qd8 10. Qe2 Nc6 11. a3 e5 12. d3 h6 13. Rb1 f5 14. Re1 Be6 15. Bd2 Re8 16. Qd1 Qd7 17. b3 Rad8 18. Re2 Bf7 19. Qc1 Kh7 20. Nd1 Nd4 21. Nxd4 exd4 22. Rxe8 Rxe8 23. Nb2 Qc6 24. a4 Bd5 25. f3 Re2 26. Qd1 Bxf3 27. gxf3 Qxf3 28. Qf1 Qg3+ 0-1

[Event "ESTCC 65 2019"]
[Site "Mali Losinj"]
[Date "2019.09.21"]
[Round "4.29"]
[White "Peltola, Leo"]
[Black "Carlsten, Peter"]
[Result "1/2-1/2"]
[ECO "B01"]
[WhiteElo "1966"]
[BlackElo "1986"]
[Annotator "NA"]
[PlyCount "62"]
[EventDate "2019.09.18"]
[EventType "team-tourn"]
[EventCountry "CRO"]
[SourceTitle "playchess.com"]
[Source "ChessBase"]
[SourceQuality "1"]
[WhiteTeam "Finland"]
[BlackTeam "Sweden"]
[WhiteTeamCountry "FIN"]
[BlackTeamCountry "SWE"]
[TimeControl "40/5400+30:1800+30"]

1. e4 d5 2. exd5 Qxd5 3. Nc3 Qd6 4. d4 Nf6 5. Nf3 a6 6. Be2 Nc6 7. h3 Bf5 8. a3 Rd8 9. Be3 e5 10. dxe5 Nxe5 11. Qxd6 Bxd6 12. O-O-O O-O 13. Nd4 Bd7 14. g4 Ng6 15. g5 Ne8 16. h4 c5 17. Nf3 Rc8 18. Nd5 Bc6 19. Nb6 Rc7 20. Nd5 Bxd5 21. Rxd5 Nf4 22. Bxf4 Bxf4+ 23. Kb1 Nd6 24. Nh2 Ne4 25. Ng4 f5 26. gxf6 Nxf6 27. Rf5 Bd6 28. Bc4+ Kh8 29. Nxf6 Rxf6 30. Rxf6 gxf6 31. Rg1 Rg7 1/2-1/2